Map: Neon Violet Square LE

Players

midwestbeast

  • Race: Protoss Protoss
  • League: Platinum
  • Spawn Location: 11:00

CynderQuil - Winner!

  • Race: Zerg Zerg
  • League: Platinum
  • Spawn Location: 5:00

VOD

Have the link to the VOD?

Description

Time

  • Played on: April 18, 2018, 5:38 p.m.
  • Length: 7:03
Show
View Real Time Build Order
Export as new Build Order

midwestbeast Protoss 

Build Orders:  

Get SALT Encoding   

  12  0:01  Probe  
  13  0:13  Probe  
  14  0:20  Pylon  
  14  0:25  Probe  
  15  0:36  Probe  
  15  0:39  Gateway  
  16  0:45  Probe  
  16  0:48  Assimilator  
  17  0:54  Probe  
  18  1:04  Pylon, Probe  
  19  1:13  Probe  
  19  1:16  Assimilator  
  20  1:28  Cybernetics Core  
  20  1:29  Probe  
  21  1:35  Pylon  
  21  1:41  Probe  
  21  1:46  Warp Gate  
  22  1:53  Probe  
  23  2:13  Nexus  
  23  2:16  Probe  
  24  2:28  Probe  
  25  2:37  Pylon  
  25  2:41  Probe  
  25  2:42  Pylon  
  26  2:46  Stalker  
  28  2:53  Probe  
  28  2:58  Gateway  
  29  3:11  Gateway  
  29  3:13  Probe  
  30  3:24  Robotics Facility  
  30  3:26  Probe  
  31  3:29  Probe  
  32  3:38  Probe x2  
  29  4:00  Zealot x2  
  31  4:04  Immortal  
  30  4:15  Probe  
  30  4:16  Probe  
  36  4:32  Zealot  
  36  4:33  Zealot x2  
  26  5:00  Zealot  
  26  5:01  Zealot x2  
  26  5:06  Probe  
  26  5:07  Probe  
  32  5:14  Probe  
  32  5:15  Probe  
  34  5:21  Sentry  
  34  5:22  Zealot  
  34  5:23  Probe x2  
  34  5:24  Sentry  
  28  5:51  Zealot x3  
  34  5:58  Probe x2  
  35  6:10  Probe  
  36  6:15  Zealot  
  36  6:16  Zealot  
  16  6:49  Probe  
Show
View Real Time Build Order
Export as new Build Order

CynderQuil Zerg - Winner!

Build Orders: Hatch First, Zergling Baneling 

Get SALT Encoding   

  12  0:01  Drone  
  13  0:13  Overlord  
  13  0:18  Drone  
  14  0:33  Drone x2  
  16  0:41  Drone  
  17  0:58  Hatchery  
  17  0:59  Drone  
  17  1:00  Drone  
  18  1:14  Extractor  
  18  1:16  Spawning Pool  
  16  1:23  Drone x2  
  18  1:29  Drone  
  19  1:58  Drone  
  20  2:01  Hatchery  
  20  2:03  Overlord  
  19  2:09  Queen  
  21  2:16  Metabolic Boost  
  21  2:24  Queen  
  21  2:28  Drone  
  24  2:37  Zergling x4  
  24  2:38  Zergling x2  
  24  2:41  Drone  
  28  2:53  Baneling Nest  
  28  2:56  Drone  
  28  2:57  Drone  
  29  3:04  Overlord  
  29  3:20  Drone x3  
  29  3:21  Overlord  
  32  3:31  Overlord  
  32  3:35  Zergling x8  
  36  3:43  Zergling x4  
  36  3:44  Zergling x2  
  38  3:54  Zergling x6  
  41  3:56  Drone x2  
  43  4:10  Baneling x4  
  43  4:16  Drone  
  43  4:17  Drone x3  
  46  4:18  Overlord  
  46  4:23  Queen  
  48  4:42  Zergling x4  
  48  4:43  Zergling x14  
  49  4:58  Baneling x2  
  49  4:59  Baneling x2  
  49  5:04  Drone x3  
  49  5:05  Drone  
  50  5:16  Zergling x6  
  50  5:17  Zergling x8  
  57  5:28  Baneling x3  
  54  5:30  Zergling x4  
  54  5:31  Zergling x4  
  55  5:36  Zergling x6  
  55  5:37  Zergling x8  
  59  5:51  Extractor  
  59  5:52  Lair  
  55  6:09  Baneling x3  
  55  6:10  Baneling x2  
  52  6:16  Zergling x4  
  52  6:17  Zergling x14  
  54  6:29  Zergling x10  
  54  6:30  Zergling x8  
  62  6:46  Zergling x10  
Tags
 
Add a new tag
Caveats
  • Supply blocks, unpowered buildings, or Contaminate may cause inaccurate times.
  • Supply counts are checked every 10 seconds.